 Dungeon Crawl Stone Soup version 0.21-a0-536-gdbbf329 (webtiles) character file.

822 slep the Chopper (level 7, -2/54 HPs)
             Began as a Merfolk Gladiator on Dec 14, 2017.
             Was a Follower of Okawaru.
             Slain by a gnoll
             ... wielding a +0 spear
              (6 damage)
             ... on level 4 of the Dungeon.
             The game lasted 00:17:08 (4311 turns).

slep the Chopper (Merfolk Gladiator)                Turns: 4311, Time: 00:17:08

Health: -2/54      AC:  4    Str: 16    XL:     7   Next: 95%
Magic:  7/7        EV: 15    Int: 11    God:    Okawaru [*.....]
Gold:   229        SH:  0    Dex: 15    Spells: 6/6 levels left

rFire    + . .     SeeInvis .   a - +0 war axe
rCold    + . .     Gourm    .   (no shield)
rNeg     . . .     Faith    .   b - +0 leather armour
rPois    .         Spirit   .   c - +0 helmet
rElec    .         Reflect  .   k - scarf {rC+ rF+}
rCorr    .         Harm     .   (no gloves)
MR       .....                  (no boots)
Stlth    ++........             (no amulet)
HPRegen  0.18/turn              y - +3 ring of intelligence
MPRegen  0.10/turn              e - +4 ring of slaying

@: no status effects
A: change form in water, swift swim, stealthy swim
a: Heroism, Renounce Religion


You were on level 4 of the Dungeon.
You worshipped Okawaru.
Okawaru was aware of your devotion.
You were not hungry.

You visited 2 branches of the dungeon, and saw 5 of its levels.

You collected 229 gold pieces.

Inventory:

Hand Weapons
 a - a +0 war axe (weapon)
 H - a +0 blowgun
Missiles
 d - a throwing net (quivered)
 I - 8 poisoned needles
Armour
 b - a +0 leather armour (worn)
 c - a +0 helmet (worn)
 k - a scarf of resistance (worn)
Jewellery
 e - a +4 ring of slaying (right hand)
 t - a +2 ring of dexterity
 y - a +3 ring of intelligence (left hand)
 D - an uncursed ring of ice {unknown}
Wands
 K - a wand of polymorph (14)
Scrolls
 i - a scroll of remove curse {unknown}
 n - a scroll of magic mapping
 q - 3 scrolls of identify
 r - 4 scrolls of teleportation
 w - 2 scrolls of fear
 A - 2 scrolls of random uselessness {unknown}
 B - 2 scrolls of enchant weapon {unknown}
 C - a scroll of amnesia {unknown}
 F - a scroll of blinking
 G - a scroll of fog {unknown}
Potions
 h - 2 potions of agility
 j - 2 potions of haste
 l - a potion of might
 m - a potion of cancellation {unknown}
 o - 2 potions of curing
 p - a potion of resistance {unknown}
 s - 3 potions of ambrosia {unknown}
 u - a potion of invisibility {unknown}
 x - a potion of mutation {unknown}
 z - 2 potions of heal wounds {unknown}
 E - a potion of flight {unknown}
Comestibles
 f - 4 bread rations
 g - 4 fruits
 v - a meat ration
 J - 4 chunks of flesh


   Skills:
 + Level 4.2 Fighting
 + Level 5.7 Axes
 + Level 2.1 Throwing
 + Level 2.1 Armour
 + Level 5.6 Dodging
 + Level 2.0 Stealth


You had 6 spell levels left.
You didn't know any spells.

Dungeon Overview and Level Annotations

Branches:
Dungeon (4/15)             Temple (1/1) D:4

Altars:
Ashenzari
Cheibriados
Dithmenos
Elyvilon
Fedhas
Gozag
Kikubaaqudgha
Nemelex Xobeh
Okawaru
Qazlal
Ru
Uskayaw
Wu Jian
Xom
Yredelemnul
Zin
The Shining One


Message History

You closely miss the gnoll. The gnoll hits you with a spear!
* * * LOW HITPOINT WARNING * * *
The gnoll hits you but does no damage. The gnoll barely misses you.
The gnoll closely misses you.
You barely miss the gnoll. You hit the gnoll. The gnoll misses you.
The gnoll completely misses you.
You slash the gnoll!
The gnoll is severely wounded.
You hit the gnoll.
You kill the gnoll!
Okawaru accepts your kill. The gnoll hits you with a spear.
* * * LOW HITPOINT WARNING * * *
You hit the gnoll.
The gnoll is almost dead.
The gnoll barely misses you.
You hit the gnoll but do no damage.
The gnoll is severely wounded.
The gnoll hits you with a spear.
You die...

.# # ..#8..8#. # .'....' # '....'
# #....# # #....# # #....# #
#.)..# # '# #..@g# #+#
.#############''')#############.g
.#...............)..).........#.g
##≈≈≈≈≈≈≈≈≈≈≈≈...†≈≈≈)≈≈≈≈≈≈≈≈###
≈≈≈≈≈≈≈≈≈≈≈≈≈≈)...≈≈≈≈≈≈≈≈≈≈≈≈≈≈≈
≈≈≈≈≈≈≈≈≈≈≈≈≈≈....≈≈≈≈≈≈≈≈≈≈≈≈≈≈≈
..............(..................
.............##..##.##)##.#######
.#..#>#####......##.#.#.........#


You could see a gnoll.

Vanquished Creatures
  The ghost of charan the Ruffian, an amateur TrMo (D:3)
  A phantom (D:4)
  2 ogres (D:4)
  An orc priest (D:4)
  A bullfrog skeleton (D:4)
  An orc wizard (D:4)
  A worker ant (D:4)
  Robin (D:3)
  10 adders
  11 gnolls (D:4)
  4 worms
  6 dart slugs
  A leopard gecko (D:1)
  6 orcs (D:4)
  5 bats
  11 giant cockroaches
  13 goblins
  13 hobgoblins
  23 jackals
  A quokka (D:4)
  A ball python (D:2)
  5 frilled lizards
  9 kobolds
  A leopard gecko skeleton (D:4)
  10 rats
139 creatures vanquished.

Notes
Turn   | Place    | Note
-------+----------+-------------------------------------------
     0 | D:1      | slep the Merfolk Gladiator began the quest for the Orb.
     0 | D:1      | Reached XP level 1. HP: 16/16 MP: 1/1
   154 | D:1      | Reached XP level 2. HP: 22/22 MP: 2/2
   296 | D:1      | Reached XP level 3. HP: 20/28 MP: 3/3
  1012 | D:2      | Reached XP level 4. HP: 33/34 MP: 4/4
  2114 | D:3      | Reached skill level 1 in Armour
  2163 | D:3      | Noticed charan's ghost (amateur TrMo)
  2188 | D:4      | Reached XP level 5. HP: 39/39 MP: 5/5
  2217 | D:4      | Reached skill level 5 in Dodging
  2221 | D:4      | HP: 1/40 [gnoll/spear (10)]
  2597 | D:4      | Found a staircase to the Ecumenical Temple.
  2606 | Temple   | Entered the Ecumenical Temple
  2612 | Temple   | Became a worshipper of Warmaster Okawaru
  2634 | D:4      | Noticed a phantom
  2660 | D:4      | Killed a phantom
  2660 | D:4      | Reached XP level 6. HP: 14/47 MP: 6/6
  3126 | D:4      | Found a stormy altar of Qazlal.
  3141 | D:4      | Reached * piety under Okawaru
  3141 | D:4      | Reached XP level 7. HP: 25/53 MP: 7/7
  3466 | D:3      | Killed charan's ghost
  3466 | D:3      | Reached skill level 5 in Axes
  3666 | D:3      | Noticed Robin
  3678 | D:3      | Killed Robin
  4016 | D:3      | Reached skill level 1 in Stealth
  4020 | D:3      | Found a snail-covered altar of Cheibriados.
  4311 | D:4      | Slain by a gnoll

Vault maps used:
D:1:      erik_arrival_cave_to_civilisation, minmay_tetromino_i4
D:2:      minmay_roachtagon, first_bread, serial_forest,
          infiniplex_forest_clump_diagonal, infiniplex_forest_zigzag_1,
          infiniplex_forest_lined_1, infiniplex_forest_clump_long,
          infiniplex_forest_straight_1, infiniplex_forest_clump_medium,
          infiniplex_forest_3_way, infiniplex_forest_lined_3,
          infiniplex_forest_clump_long, infiniplex_forest_straight_4,
          due_unseen_surprise
D:3:      marbit_many_paths, uniq_robin
D:4:      lemuel_castle_with_subvaults, grunt_qazlal_clouds,
          minmay_temple_entry_water_ring, minmay_misc_feat_x
Temple:   nicolae_temple_no_exploring_needed

Skill      XL: |  1  2  3  4  5  6  7 |
---------------+----------------------+-----
Axes           | 3 4 5 |  5.7
Armour         | 1 2 |  2.1
Dodging        | 5 |  5.6
Fighting       | 3 4 |  4.2
Stealth        | 2 |  2.0
Throwing       | |  2.1

Action                   |  1- 3 |  4- 6 |  7- 9 || total
-------------------------+-------+-------+-------++-------
Melee: War axe           |    81 |   147 |   114 ||   342
Throw: Throwing net      |       |     1 |     1 ||     2
  Use: Scroll            |       |     5 |       ||     5
       Potion            |       |     1 |     1 ||     2
 Stab: Sleeping          |     1 |     1 |     3 ||     5
  Eat: Chunk             |       |     7 |     4 ||    11
Armor: Leather armour    |    28 |    24 |    17 ||    69
Dodge: Dodged            |    80 |   128 |    70 ||   278

Table legend:
 A = Spawn XP
 B = Non-spawn XP
 C = Spawn XP percentage of total XP
 D = Spawn monster count
 E = Non-spawn monster count
 F = Spawn count percentage of total count
 G = Total turns spent on level
                    A         B        C        D         E        F      G
               +---------+---------+-------+---------+---------+-------+---------
         Total |       0 |    1175 |   0.0 |       0 |     139 |   0.0 |  4311
               +---------+---------+-------+---------+---------+-------+---------
           D:1 |       0 |      56 |   0.0 |       0 |      29 |   0.0 |   860
           D:2 |       0 |      91 |   0.0 |       0 |      29 |   0.0 |  1297
           D:3 |       0 |     260 |   0.0 |       0 |      36 |   0.0 |   777
           D:4 |       0 |     768 |   0.0 |       0 |      45 |   0.0 |  1364
               +---------+---------+-------+---------+---------+-------+---------
